AoeStats
← Clueless Clown

Socotra

506553353Analyzed
3v3 RM · 18d ago on Sep 14, 2026· 28m 25s· 6 players
Game mode
Random Map
Map size
128×128
Population
200
Speed
Normal
Resources
Standard
Victory
Conquest
Starting age
Dark Age
Ending age
Imperial Age
RankedLock teamsTeams togetherTeam positionsShared explorationLock speedFull tech treeHidden civsTurbo modeCheats
Victory
Defeat
🇧🇷 Persians · Brazil
1164
+12
🇧🇷 Franks · Brazil
1112
+14
🇧🇷 Britons · Brazil
979
+59
🇲🇽 Tatars · Mexico
1111
-17
🇺🇸 Koreans · United States
1103
-17
🇳🇮 Dravidians · Nicaragua
1016
-13
Clueless Clown
6:12 Loom
9:44 Feudal Age
10:52 Double-Bit Axe
13:53 Horse Collar
19:32 Fletching
20:53 Wheelbarrow
24:39 Castle Age
25:33 Bodkin Arrow
26:56 Treadmill Crane
27:12 Murder Holes
mperez
6:41 Loom
9:15 Feudal Age
11:20 Fletching
18:36 Double-Bit Axe
22:23 Castle Age
20:20 Horse Collar
21:23 Padded Archer Armor
21:19 Gold Mining
23:01 Bodkin Arrow
23:10 Crossbowman
24:45 Bow Saw
25:22 Leather Archer Armor
27:10 Ballistics
27:24 Thumb Ring
27:23 Pikeman
28:04 Squires
28:22 Scale Mail Armor
28:33 Forging
Barbeituss
6:45 Loom
9:05 Feudal Age
9:47 Double-Bit Axe
16:06 Horse Collar
20:13 Wheelbarrow
27:37 Castle Age
TrutaPSYCHO
1:11 Loom
9:21 Feudal Age
9:51 Double-Bit Axe
18:32 Scale Barding Armor
22:53 Castle Age
dudurmendes
10:15 Feudal Age
11:21 Double-Bit Axe
12:45 Gold Mining
16:39 Wheelbarrow
21:47 Fletching
21:58 Padded Archer Armor
25:15 Castle Age
24:12 Stone Mining
24:44 Scale Mail Armor
25:16 Horse Collar
25:37 Crossbowman
26:18 Bodkin Arrow
27:00 Elite Skirmisher
27:42 Heavy Plow
28:00 Hand Cart
sagaz0022
5:13 Loom
9:30 Feudal Age
9:59 Town Watch
10:05 Double-Bit Axe
19:17 Gold Mining
20:19 Wheelbarrow
23:16 Castle Age
22:00 Scale Barding Armor
22:11 Forging
22:20 Stone Mining
23:59 Husbandry
24:21 Chain Barding Armor
Connection lost

Rejoining the realm…

Still unreachable

The connection could not be restored.

Session expired

The server has moved on; the page needs a fresh start.